 Dungeon Crawl Stone Soup version 0.21.1-1-g345015f (webtiles) character file.

81 RipGuy the Poker (level 4, -1/28 HPs)
             Began as a Gargoyle Berserker on Apr 13, 2018.
             Was a Follower of Trog.
             Killed from afar by an orc wizard (2 damage)
             ... with a puff of frost
             ... on level 3 of the Dungeon.
             The game lasted 00:06:14 (3168 turns).

RipGuy the Poker (Gargoyle Berserker)               Turns: 3168, Time: 00:06:18

Health: -1/28      AC:  9    Str: 21    XL:     4   Next: 42%
Magic:  4/4        EV: 11    Int:  8    God:    Trog [*.....]
Gold:   75         SH:  0    Dex:  9    Spells: 3/3 levels left

rFire    x . .     SeeInvis .   a - +0 spear
rCold    + . .     Gourm    .   (no shield)
rNeg     + . .     Faith    .   i - +0 ring mail
rPois    ∞         Spirit   .   (no helmet)
rElec    +         Reflect  .   (no cloak)
rCorr    .         Harm     .   (no gloves)
MR       .....                  (no boots)
Stlth    ..........             (no amulet)
HPRegen  0.09/turn              d - ring of ice
MPRegen  0.09/turn              (no ring)

@: slowed, very slow
A: negative energy resistance 1, electricity resistance, unbreathing,
petrification resistance, rot immunity, AC +3
a: Berserk, Burn Spellbooks, Renounce Religion


You were on level 3 of the Dungeon.
You worshipped Trog.
Trog was aware of your devotion.
You were hungry.

You visited 1 branch of the dungeon, and saw 3 of its levels.

You collected 75 gold pieces.

Inventory:

Hand Weapons
 a - a +0 spear (weapon)
Armour
 b - a +0 animal skin
 i - a +0 ring mail (worn)
Jewellery
 d - a ring of ice (left hand)
 j - a +4 ring of protection {unknown}
 o - an uncursed ring of magical power {unknown}
Scrolls
 e - 4 scrolls of teleportation {unknown}
 g - a scroll of blinking {unknown}
 h - 2 scrolls of identify {unknown}
 l - 2 scrolls of remove curse {unknown}
 n - a scroll of amnesia {unknown}
Potions
 f - a potion of mutation {unknown}
 k - a potion of ambrosia {unknown}
 m - a potion of heal wounds {unknown}
 p - a potion of magic {unknown}
Comestibles
 c - 5 rations


   Skills:
 - Level 3.2 Fighting
 + Level 4.6 Polearms
 - Level 2.1 Armour
 - Level 1.5 Dodging


You had 3 spell levels left.
You didn't know any spells.

Dungeon Overview and Level Annotations

Branches:
Dungeon (3/15)

Altars:
Elyvilon
Hepliaklqana
Sif Muna


Innate Abilities, Weirdness & Mutations

You are resistant to torment.
Your stone body is resilient. (AC +3)
You are immune to poison.
You resist negative energy. (rN+)
You are resistant to electric shocks. (rElec)
You can survive without breathing.
You are immune to petrification.
You are immune to rotting.


Message History

You closely miss the orc wizard.
The orc wizard is heavily wounded.
The orc wizard hits you but does no damage.
The orc wizard casts a spell.
The orc wizard seems to speed up.
The orc hits you but does no damage.
The orc wizard hits you but does no damage.
You closely miss the orc wizard.
The orc wizard is heavily wounded.
The orc wizard hits you but does no damage. x2
The orc hits you with a club.
* * * LOW HITPOINT WARNING * * *
The orc wizard hits you but does no damage. x2
You miss the orc wizard.
The orc wizard is heavily wounded.
The orc wizard casts a spell at you. The magic dart hits you!
* * * LOW HITPOINT WARNING * * *
The orc wizard casts a spell at you. The puff of frost hits you! You resist.
You die...

#### ...# ... ..
#.##### #.....# #.)oo.#
#o@..# #....# ...
#....# ... ## ###..#
... ##8## #..# #.#
8...8##..# #.#
.....##.## #.#
.....>#.#######.#
.....##.......#.#######


You could see 2 orc wizards and an orc.

Vanquished Creatures
  2 adders (D:2)
  An ooze (D:1)
  2 worms (D:2)
  3 dart slugs (D:1)
  7 orcs (D:3)
  4 giant cockroaches
  5 goblins
  3 hobgoblins
  3 kobolds (D:1)
  3 quokkas
  A ball python (D:1)
  2 frilled lizards
  5 rats
41 creatures vanquished.

Notes
Turn   | Place    | Note
-------+----------+-------------------------------------------
     0 | D:1      | RipGuy the Gargoyle Berserker began the quest for the Orb.
     0 | D:1      | Reached XP level 1. HP: 14/14 MP: 1/1
    52 | D:1      | Reached skill level 3 in Polearms
   407 | D:1      | Reached XP level 2. HP: 17/19 MP: 2/2
  1035 | D:1      | Reached XP level 3. HP: 10/23 MP: 3/3
  1548 | D:2      | Found a white marble altar of Elyvilon.
  1897 | D:2      | Reached skill level 4 in Polearms
  2114 | D:2      | Found a hazy altar of Hepliaklqana.
  2183 | D:2      | Reached XP level 4. HP: 18/28 MP: 4/4
  2373 | D:2      | Found a deep blue altar of Sif Muna.
  3168 | D:3      | HP: 1/28 [orc wizard/magic dart (6)]
  3168 | D:3      | Killed from afar by an orc wizard

Skill      XL: |  1  2  3 |
---------------+----------+-----
Polearms       | 3 4 |  4.6
Fighting       | |  3.2
Armour         | |  2.1
Dodging        | |  1.5

Action                   |  1- 3 |  4- 6 || total
-------------------------+-------+-------++-------
Melee: Spear             |   136 |    49 ||   185
  Eat: Chunk             |     3 |       ||     3
       Ration            |       |     1 ||     1
Armor: Animal skin       |    10 |       ||    10
       Ring mail         |    36 |    34 ||    70
Dodge: Dodged            |    66 |    47 ||   113
